 Dungeon Crawl Stone Soup version 0.30-a0-626-gd6a5dd7a1f (webtiles) character file.

Game seed: 15258752838940822076

1025 pyrow613 the Slasher (level 7, 61/61 HPs)
             Began as a Demigod Fighter on Nov 15, 2022.
             Got out of the dungeon alive.
             The game lasted 00:12:12 (5144 turns).

pyrow613 the Slasher (Demigod Fighter)              Turns: 5144, Time: 00:12:13

Health: 61/61      AC: 13    Str: 21    XL:     7   Next: 71%
Magic:  9/9        EV: 13    Int: 14    God:
Gold:   330        SH:  4    Dex: 13    Spells: 1/6 levels left

rFire   . . .      SeeInvis .    b - +2 dagger (speed)
rCold   . . .      Faith    .    c - +0 buckler
rNeg    . . .      Spirit   .    x - +6 scale mail of the Snake Pit {Regen+}
rPois   .          Reflect  .    (no helmet)
rElec   .          Harm     .    (no cloak)
rCorr   .          Rampage  .    v - +0 pair of gloves
Will    .....                    (no boots) Stlth
                                 (no amulet)
HPRegen 1.10/turn                z - +4 ring of evasion
MPRegen 0.11/turn                h - ring of flight

@: flying
A: high MP 1, forlorn, divine attributes
a: no special abilities


You escaped.
You visited 1 branch of the dungeon, and saw 5 of its levels.
You also visited: Sewer.

You collected 330 gold pieces.

Inventory:

Hand Weapons
 a - a +3 long sword of electrocution
 b - a +2 dagger of speed (weapon)
 n - a +0 sling
 q - a +2 dagger of flaming
 A - a +2 dagger of freezing
Armour
 c - a +0 buckler (worn)
 v - a +0 pair of gloves (worn)
 x - the +6 scale mail of the Snake Pit (worn) {Regen+}
   (You found it on level 3 of the Dungeon)

   Regen:     It increases your rate of health regeneration.
Jewellery
 h - a ring of flight (right hand)
 i - a +6 ring of intelligence
 m - a ring of magical power
 z - a +4 ring of evasion (left hand)
Wands
 p - a wand of flame (19)
 y - a wand of light (1)
Scrolls
 g - 2 scrolls of fear {unknown}
 j - 3 scrolls of teleportation
 l - 2 scrolls of identify
 t - a scroll of brand weapon
 w - 2 scrolls of blinking
 B - a scroll of immolation {unknown}
 C - a scroll of magic mapping
 D - a scroll of vulnerability {unknown}
Potions
 d - a potion of might
 e - 4 potions of curing
 f - 4 potions of mutation {unknown}
 k - 4 potions of flight {unknown}
 o - 2 potions of haste {unknown}
 r - 2 potions of heal wounds {unknown}
 s - 2 potions of lignification
 u - 2 potions of invisibility {unknown}
 E - a potion of magic {unknown}


   Skills:
 + Level 5.5 Fighting
 * Level 7.2 Long Blades
 - Level 2.6 Armour
 - Level 2.6 Shields


You had one spell level left.
You knew the following spells:

 Your Spells              Type           Power      Damage    Failure   Level
a - Wereblood             Tmut           0%         N/A       85%         2
b - Sandblast             Erth           0%         2d4       71%         1
c - Passwall              Tmut/Erth      0%         N/A       85%         2

Your spell library contained the following spells:

 Spells                   Type           Power      Damage    Failure   Level
 Beastly Appendage        Tmut           0%         N/A       71%         1
 Spider Form              Tmut/Pois      0%         N/A       97%         3
 Stone Arrow              Conj/Erth      0%         3d7       97%         3


Dungeon Overview and Level Annotations

Branches:
Dungeon (5/15)             Temple (0/1) D:5           Sewer (visited)


Innate Abilities, Weirdness & Mutations

You have an increased reservoir of magic. (+10% MP)
You shall have no god before yourself.
Your divine heritage dramatically boosts your attributes as you level up.


Message History

Press ? for a list of commands and other information.
Press: ? - help, v - describe, . - travel The floor.
This square is lit by a halo.
Welcome back, pyrow613 the Demigod Fighter.
Press ? for a list of commands and other information.
Press: ? - help, v - describe, . - travel The floor.
This square is lit by a halo.
Unknown command.
There is an open door here.
Press: ? - help, v - describe, . - travel The floor.
Found a scroll of identify.
There is a stone staircase leading up here.
No item to drop.
(D) Dungeon (T) Temple
Where to? (Enter - D:5 @ (x,y), ? - help)
Okay, then.
Unknown command.
(D) Dungeon (T) Temple
Where to? (Enter - D:5 @ (x,y), ? - help)
What level of the Dungeon? (default 1, ? - help)
You fly upwards.
There is a stone staircase leading down here.
There is a stone staircase leading up here.
You fly upwards.
There is a stone staircase leading down here.
There is a stone staircase leading up here.
You fly upwards.
There is a stone staircase leading down here.
There is a stone staircase leading up here.
You fly upwards.
There is a stone staircase leading down here.
You see here a +0 long sword.
There is a stone staircase leading down here.
There is a large open door here.
There is a staircase leading out of the dungeon here.
Are you sure you want to leave the Dungeon?
This will make you lose the game!
You have escaped!

########
###≈≈§§≈≈#
##≈§§≈§§≈≈≈
#≈≈≈≈≈#≈≈≈ #####
##§≈§≈§≈§§§ ##...#
#≈≈#≈≈§≈§§
##...####≈§≈≈§####
.....>..'.......@#
##......'§§.....>#
##....###≈≈≈§§####
##....# #≈§#≈§≈≈§
#####.# ##§§≈≈§≈≈≈
# #.# #§§§§≈#≈≈≈≈
# #(# ##§§§≈≈§≈≈§
#.# ###≈≈≈§≈≈# #.#
#### ##


There were no monsters in sight!

Vanquished Creatures
  2 water moccasins (D:5)
  An ice beast (D:5)
  A kobold brigand (Sewer)
  3 hounds
  An orc priest (D:5)
  An iron imp (D:3)
  A gnoll bouda (D:4)
  2 iguanas (D:4)
  3 orc wizards
  Robin (D:3)
  9 adders
  4 gnolls (D:4)
  7 river rats
  A white imp (D:5)
  An ufetubus (D:5)
  3 worms
  3 dart slugs
  13 orcs
  5 endoplasms
  3 giant cockroaches
  11 goblins
  13 hobgoblins
  9 jackals
  4 quokkas
  6 ball pythons
  4 bats
  4 frilled lizards
  12 kobolds
  13 rats
  2 rat zombies (D:3)
143 creatures vanquished.

Vanquished Creatures (others)
  An orc wizard (D:4)
  15 plants
16 creatures vanquished.

Grand Total: 159 creatures vanquished

Notes
Turn   | Place    | Note
-------+----------+-------------------------------------------
     0 | D:1      | pyrow613 the Demigod Fighter began the quest for the Orb.
     0 | D:1      | Reached XP level 1. HP: 18/18 MP: 3/3
    55 | D:1      | Reached skill level 2 in Long Blades
   265 | D:1      | Reached XP level 2. HP: 25/25 MP: 4/4
   673 | D:2      | Reached XP level 3. HP: 31/31 MP: 5/5
   686 | D:2      | Reached skill level 3 in Long Blades
  1620 | D:3      | Reached XP level 4. HP: 25/38 MP: 6/6
  1677 | D:3      | Noticed Robin
  1739 | D:3      | Killed Robin
  1969 | D:3      | Reached skill level 4 in Long Blades
  2274 | D:3      | Reached XP level 5. HP: 46/46 MP: 7/7
  2300 | D:3      | Identified the +6 scale mail of the Snake Pit {Regen+}
  3008 | D:4      | Reached skill level 5 in Long Blades
  3302 | D:4      | Identified the amulet "Joghe" {Faith Fragile rN++}
  3320 | D:4      | Reached XP level 6. HP: 33/52 MP: 8/8
  3366 | D:4      | Learned a level 2 spell: Wereblood
  3368 | D:4      | Learned a level 1 spell: Sandblast
  3371 | D:4      | Learned a level 2 spell: Passwall
  3571 | D:5      | Entered Level 5 of the Dungeon
  3613 | D:5      | Noticed a water moccasin
  3645 | D:5      | Killed a water moccasin
  3693 | D:5      | Found a glowing drain.
  3715 | Sewer    | Entered a sewer
  3801 | Sewer    | Reached skill level 6 in Long Blades
  3878 | Sewer    | Reached XP level 7. HP: 60/60 MP: 9/9
  4166 | Sewer    | Reached skill level 5 in Fighting
  4335 | D:5      | Found a staircase to the Ecumenical Temple.
  4703 | D:5      | Reached skill level 7 in Long Blades
  5003 | D:5      | Noticed an angel
  5003 | D:5      | Noticed a cacodemon
  5011 | D:5      | Upgraded the game from 0.30-a0-364-gf6b3ef1049 to
                  | 0.30-a0-371-gad7725a93e
  5011 | D:5      | Upgraded the game from 0.30-a0-371-gad7725a93e to
                  | 0.30-a0-626-gd6a5dd7a1f
  5144 | D:$      | Got out of the dungeon alive.

Illustrated notes

Levels and vault maps discovered:
D:1:      lightli_molten_gateway, layout_basic
D:2:      layout_basic, basic_altar, minmay_pentomino_pile
D:3:      layout_loops_ring, xom_redecorated, nicolae_hepliaklqana_hazy_memory,
          overflow_temple_1_default, eat_drink_and_be_merry_uskayaw,
          lemuel_zombie_altar_kikubaaqudgha, slow_altar_2, uniq_robin
D:4:      layout_loops_ring, hangedman_abyss_or_decor_passed,
          kennysheep_generic_room_9
D:5:      layout_loops_ring, lemuel_doored_altar,
          nicolae_overflow_hidden_temple,
          grunt_temple_overflow_order_and_chaos_2,
          minmay_temple_entry_offerings, cheibrodos_sewer_entry_sluice,
          minmay_circle_x

Skill      XL: |  1  2  3  4  5  6  7 |
---------------+----------------------+-----
Long Blades    | 2 3 4 5 6 7 |  7.2
Fighting       | 3 4 5 |  5.5
Armour         | |  2.6
Shields        | |  2.6

Action                   |  1- 3 |  4- 6 |  7- 9 || total
-------------------------+-------+-------+-------++-------
Melee: Long sword        |    41 |       |       ||    41
       Dagger            |   148 |   495 |   296 ||   939
 Fire: Sling             |     1 |       |       ||     1
  Use: Scroll            |     3 |     7 |       ||    10
Armor: Scale mail        |    32 |   106 |    83 ||   221
       Chain mail        |    46 |    45 |       ||    91
Dodge: Dodged            |    56 |   161 |   110 ||   327
Block: Buckler           |    33 |    68 |    40 ||   141

Table legend: (Time is in decaauts)
 A = Elapsed time spent in this place.
 B = Non-inter-level travel time spent in this place.
 C = Inter-level travel time spent in this place.
 D = Time resting spent in this place.
 E = Time spent auto-exploring this place.
 F = Levels seen in this place.
 G = Mean time per level.
                   A        B        C        D        E       F      G
               +--------+--------+--------+--------+--------+-----+--------+
         Total |   4792 |   4571 |    221 |    168 |   3193 |   6 |  798.7 |
       Dungeon |   4249 |   4028 |    221 |    168 |   2810 |   5 |  849.8 |
         Sewer |    543 |    543 |      0 |      0 |    383 |   1 |  543.0 |
               +--------+--------+--------+--------+--------+-----+--------+

Top non-repeatable levels by time:
     D:3: 1099 daAuts
     D:2: 889 daAuts
     D:4: 847 daAuts
     D:5: 749 daAuts
     D:1: 663 daAuts
   Sewer: 543 daAuts
